 Dungeon Crawl Stone Soup version 0.18.1-48-g4cf74bf (webtiles) character file.

58 Heedrag the Magician (level 3, -9/19 HPs)
             Began as a Deep Elf Conjurer on July 25, 2016.
             Killed from afar by Blork the orc (12 damage)
             ... with a puff of frost
             ... on level 5 of the Dungeon.
             The game lasted 00:02:57 (1270 turns).

Heedrag the Magician (Deep Elf Conjurer)            Turns: 1270, Time: 00:02:58

Health: -9/19      AC:  2    Str:  6    XL:     3   Next: 76%
Magic:  12/12      EV: 13    Int: 19    God:
Gold:   132        SH:  0    Dex: 15    Spells: 2 memorised, 9 levels left

rFire  . . .     SeeInvis +     j - -3 dagger (curse)
rCold  . . .     Gourm    .     a - +0 robe
rNeg   . . .     Faith    .     (no shield)
rPois  .         Spirit   .     (no helmet)
rElec  .         Dismiss  .     (no cloak)
rCorr  .         Reflect  .     (no gloves)
SustAt .         Harm     .     (no boots)
MR     .....                    (no amulet)
Stlth  +.........               l - ring of see invisible
                                k - ring of loudness (curse)

@: not resistant to hostile enchantments, very unstealthy
A: no striking features
a: no special abilities


You were on level 5 of the Dungeon.
You were not hungry.

You visited 1 branch of the dungeon, and saw 4 of its levels.

You collected 132 gold pieces.

Inventory:

Hand Weapons
 j - a cursed -3 dagger (weapon)
Armour
 a - a +0 robe (worn)
Jewellery
 k - a cursed ring of loudness (left hand)
 l - a ring of see invisible (right hand)
Scrolls
 d - a scroll of random uselessness {unknown}
 m - a scroll of blinking {unknown}
 r - a scroll of teleportation {unknown}
 s - 3 scrolls of remove curse {unknown}
 t - a scroll of identify {unknown}
 w - a scroll of fear {unknown}
Potions
 e - 3 potions of curing {unknown}
 f - 2 potions of haste {unknown}
 g - a potion of magic {unknown}
 h - a potion of heal wounds {unknown}
 n - a potion of flight {unknown}
 q - a potion of cancellation {unknown}
 u - a potion of degeneration {unknown}
 v - a potion of cure mutation {unknown}
 x - a potion of brilliance {unknown}
Books
 b - a book of Conjurations

   Spells                             Type                      Level
   a - Magic Dart                     Conjuration                  1
   b - Searing Ray                    Conjuration                  2
   c - Dazzling Spray                 Conjuration/Hexes            3
   d - Fulminant Prism                Conjuration/Hexes            4
   e - Iskenderun's Mystic Blast      Conjuration                  4
   f - Iskenderun's Battlesphere      Conjuration/Charms           5
 p - a book of Annihilations

   Spells                             Type                      Level
   a - Poison Arrow                   Conjuration/Poison           6
   b - Chain Lightning                Conjuration/Air              8
   c - Lehudib's Crystal Spear        Conjuration/Earth            8
   d - Glaciate                       Conjuration/Ice              9
   e - Fire Storm                     Conjuration/Fire             9
Comestibles
 c - a bread ration
 i - 3 meat rations
 o - 2 beef jerkies


   Skills:
 - Level 2.4 Dodging
 - Level 2.4 Stealth
 * Level 5.6 Spellcasting
 - Level 4.3 Conjurations


You had 9 spell levels left.
You knew the following spells:

 Your Spells              Type           Power        Failure   Level  Hunger
a - Magic Dart            Conj           ###.         1%          1    None
b - Dazzling Spray        Conj/Hex       ##....       14%         3    ##.....


Dungeon Overview and Level Annotations

Branches:
Dungeon (3/15)

Altars:
Ru
The Shining One

Annotations:
D:2 Terence
D:5 Blork the orc


Message History

Blork tha orc screams, "Die!"
Blork tha orc miscasts a cantrip.
Blork tha orc gestures at ye while chantin'.
Tha puff o' frost misses ye.
Blork tha orc casts a spell at ye.
Tha magic dart hits ye!
Ye see 'ere 15 stones.
Blork tha orc looks bra'er fer a momn't.
A worm comes inta view.
Found a club.
Blork tha orc looks angry.
Blork tha orc miscasts a cantrip.
Blork tha orc casts a spell at ye.
Tha puff o' frost hits ye!
* * * LOW HITPOINT WARNIN'
* * * Blork tha orc grins evilly.
Blork tha orc gestures at ye while chantin'.
Tha puff o' frost hits ye!
Ouch! Tha re'lly hurt!
Ye die...

##########
#........#
#........#
#........#
#........# #### ##
#........##...# +.#
#........#@.#
#..###..[.......##
#.........o##.###w
####..##...........
..##.....#........)
#..#.....(....##..##
#..###....##.......
##.###........#####.
#.....#........


You could see Blork the orc.

Vanquished Creatures
  An adder (D:2)
  2 worms (D:2)
  2 dart slugs (D:1)
  5 bats
  2 giant cockroaches (D:2)
  3 goblins
  7 hobgoblins
  8 kobolds
  A quokka (D:2)
  2 giant newts (D:1)
  5 rats
38 creatures vanquished.

Notes
Turn   | Place    | Note
--------------------------------------------------------------
     0 | D:1      | Heedrag the Deep Elf Conjurer began the quest for the Orb.
     0 | D:1      | Reached XP level 1. HP: 10/10 MP: 6/6
   126 | D:1      | Reached skill level 4 in Spellcasting
   126 | D:1      | Reached XP level 2. HP: 15/15 MP: 1/9
   772 | D:2      | Found a glowing golden altar of the Shining One.
   838 | D:2      | Reached XP level 3. HP: 19/19 MP: 9/11
   843 | D:2      | Learned a level 3 spell: Dazzling Spray
   898 | D:2      | Reached skill level 5 in Spellcasting
  1008 | D:2      | Found a faded altar to an unknown god.
  1206 | D:2      | Noticed Terence
  1223 | D:3      | You fall through a shaft for 2 floors!
  1223 | D:5      | Entered Level 5 of the Dungeon
  1250 | D:5      | Found a sacrificial altar of Ru.
  1250 | D:5      | Noticed Blork the orc
  1270 | D:5      | Killed from afar by Blork the orc

Skill      XL: |  1  2  3 |
---------------+----------+-----
Spellcasting   | 4 5 |  5.6
Dodging        | |  2.4
Stealth        | |  2.4
Conjurations   | |  4.3

Action                   || total
-------------------------++-------
 Cast: Magic Dart        ||    81
       Dazzling Spray    ||     1
  Eat: Chunk             ||     1
Armor: Robe              ||     5
Dodge: Dodged            ||    11
